 Dungeon Crawl Stone Soup version 0.27.1-3-gb3d3a73c9e (webtiles) character file.

Game seed: 14847484654922702955

533373 Turgor the Scorcher (level 23, -8/196 HPs)
             Began as a Demigod Fire Elementalist on Oct 26, 2021.
             Mangled by a quicksilver ooze (11 damage)
             ... on level 5 of the Pits of Slime on Oct 29, 2021.
             The game lasted 16:05:47 (101421 turns).

Turgor the Scorcher (Demigod Fire Elementalist)   Turns: 101421, Time: 16:05:48

Health: -8/196     AC: 19    Str: 14    XL:     23   Next: 87%
Magic:  11/51      EV: 13    Int: 38    God:
Gold:   3020       SH:  5    Dex: 22    Spells: 1/57 levels left

rFire    + + +     SeeInvis .   e - staff of earth
rCold    + + +     Faith    .   (no shield)
rNeg     + + +     Spirit   .   N - +5 robe "Nuelamn" {rF+ rCorr Str-2 Int+2}
rPois    +         Reflect  +   x - +2 hat
rElec    +         Harm     .   V - +2 ratskin cloak {*Rats rPois rN+ Str-1 Int-1 Dex+1}
rCorr    +         Rampage  .   B - +2 pair of gloves {Dex+3}
Will     +....                  u - +2 pair of boots {Stlth+}
Stlth    ++++......             L - amulet "Fuko Zoa" {Reflect rC++ SH+5}
HPRegen  0.42/turn              n - ring of Sif Muna's Esteem {rElec rF++ rC+ rN+ Will-}
MPRegen  0.32/turn              K - ring of Zatyi {Fly rN+ Str+4 Stlth+}

@: engulfed (cannot breathe), flying
A: high mp 1, forlorn
}: 2/15 runes: decaying, gossamer
a: no special abilities


You were on level 5 of the Pits of Slime.
You visited 11 branches of the dungeon, and saw 52 of its levels.
You visited the Abyss 1 time.
You also visited: Trove, Ice Cave and Volcano.

You collected 8419 gold pieces.
You spent 5399 gold pieces at shops.

Inventory:

Hand Weapons
 d - the +4 flail "Musen" {vorpal, MP+9 SInv}
   (You took it off a deep elf sorcerer on level 3 of the Elven Halls)

   It inflicts extra damage upon your enemies.
   MP:        It affects your magic capacity (+9).
   SInv:      It lets you see invisible.
 o - a +3 demon trident of draining
 p - the +10 dagger "Goblinslayer" {drain, Will+}
   (You took it off a skeletal warrior on level 3 of the Crypt)

   A truly terrible weapon, it drains the life of any living foe it strikes.
   Will:      It increases your willpower.
 F - the +7 pair of quick blades "Gyre" and "Gimble" {protect}
   (You took it off a vampire on level 3 of the Crypt)

   It grants its wielder temporary protection when it strikes (+7 to AC).
Missiles
 a - 5 throwing nets
 c - 1389 stones (quivered)
 A - 6 curare-tipped darts
Armour
 u - a +2 pair of boots of stealth (worn)
 x - a +2 hat (worn)
 B - a +2 pair of gloves of dexterity (worn)
 N - the +5 robe "Nuelamn" (worn) {rF+ rCorr Str-2 Int+2}
   (You found it on level 4 of the Vaults)

   Str:       It affects your strength (-2).
   Int:       It affects your intelligence (+2).
   rF:        It protects you from fire.
   rCorr:     It protects you from acid and corrosion.
 V - the +2 ratskin cloak (worn) {*Rats rPois rN+ Str-1 Int-1 Dex+1}
   (You bought it in a shop on level 2 of the Orcish Mines)

   When the wearer is hurt, rats may emerge from it to assist them.
   Str:       It affects your strength (-1).
   Int:       It affects your intelligence (-1).
   Dex:       It affects your dexterity (+1).
   rPois:     It protects you from poison.
   rN:        It protects you from negative energy.
Magical Staves
 e - a staff of earth (weapon)
 f - a staff of fire
Jewellery
 n - the ring of Sif Muna's Esteem (left hand) {rElec rF++ rC+ rN+ Will-}
   (You found it on level 3 of the Crypt)

   [ring of positive energy]

   rF:        It greatly protects you from fire.
   rC:        It protects you from cold.
   rElec:     It insulates you from electricity.
   rN:        It protects you from negative energy.
   Will:      It decreases your willpower.
 C - a ring of fire
 K - the ring of Zatyi (right hand) {Fly rN+ Str+4 Stlth+}
   (You found it on level 3 of the Crypt)

   [ring of positive energy]

   Str:       It affects your strength (+4).
   rN:        It protects you from negative energy.
   Fly:       It grants you flight.
   Stlth:     It makes you more stealthy.
 L - the amulet "Fuko Zoa" (around neck) {Reflect rC++ SH+5}
   (You took it off a deep elf blademaster on level 3 of the Elven Halls)

   [amulet of reflection]

   It reflects blocked missile attacks.
   rC:        It greatly protects you from cold.
   SH:        It affects your SH (+5).
 Y - the amulet "Veefyg" {Reflect SH+5 SInv}
   (You acquired it on level 4 of the Depths)

   [amulet of reflection]

   It reflects blocked missile attacks.
   SInv:      It lets you see invisible.
   SH:        It affects your SH (+5).
Wands
 v - a wand of iceblast (61)
 w - a wand of acid (14)
 S - a wand of digging (7)
Scrolls
 b - a scroll of silence
 i - 4 scrolls of magic mapping
 j - 10 scrolls of teleportation
 l - 8 scrolls of fog
 m - 7 scrolls of blinking
 r - 2 scrolls of brand weapon
 t - 5 scrolls of amnesia
 E - 11 scrolls of enchant weapon
 I - 8 scrolls of enchant armour
 M - 2 scrolls of immolation
 Q - 6 scrolls of fear
 X - 2 scrolls of holy word
Potions
 h - 7 potions of flight
 k - 7 potions of curing
 q - 2 potions of magic
 s - 2 potions of invisibility
 z - a potion of cancellation
 D - a potion of might
 H - 5 potions of brilliance
 J - 4 potions of resistance
 O - 7 potions of heal wounds
 T - 4 potions of mutation
 W - 6 potions of haste
Miscellaneous
 G - a phantom mirror
 Z - a lightning rod (4/4)


   Skills:
 + Level 14.3 Fighting
 - Level 11.3 Polearms
 - Level 7.0 Armour
 - Level 2.0 Dodging
 - Level 2.0 Stealth
 * Level 17.5 Spellcasting
 * Level 19.7 Conjurations
 - Level 9.0 Necromancy
 * Level 20.8 Fire Magic
 - Level 9.0 Earth Magic
 - Level 7.0 Evocations


You had one spell level left.
You knew the following spells:

 Your Spells              Type           Power      Damage    Failure   Level
a - Iron Shot             Conj/Erth      60%        9d11      1%          6
b - Starburst             Conj/Fire      56%        6d15      1%          6
c - Conjure Flame         Conj/Fire      100%       6-21      0%          3
d - Fire Storm            Conj/Fire      56%        8d14      22%         9
f - Fireball              Conj/Fire      56%        3d22      0%          5
i - Ignition              Fire           56%        3d15      1%          8
m - Bolt of Magma         Conj/Fire/Erth 63%        4d25      1%          5
n - Animate Skeleton      Necr           100%       N/A       1%          1
o - Sublimation of Blood  Necr           40%        N/A       1%          2
s - Sticky Flame          Conj/Fire      100%       2d11      0%          4
t - Blink                 Tloc           N/A        N/A       1%          2
v - Borgnjor's Vile Clut  Necr/Erth      50%        N/A       1%          5

Your spell library contained the following spells:

 Spells                   Type           Power      Damage    Failure   Level
 Foxfire                  Conj/Fire      100%       2x1d9     0%          1
 Magic Dart               Conj           100%       1d8       0%          1
 Shock                    Conj/Air       100%       1d9       0%          1
 Apportation              Tloc           66%        N/A       1%          1
 Corona                   Hex            36%        N/A       1%          1
 Freeze                   Ice            100%       1d11      1%          1
 Pain                     Necr           100%       1d9       1%          1
 Sandblast                Erth           100%       2d20      1%          1
 Sting                    Tmut/Pois      100%       1d8       1%          1
 Searing Ray              Conj           100%       3d7       0%          2
 Stone Arrow              Conj/Erth      100%       3d13      0%          3
 Iskenderun's Battlesphe  Conj           100%       2d15      0%          5
 Corpse Rot               Necr/Air       N/A        N/A       1%          2
 Ensorcelled Hibernation  Hex/Ice        66%        N/A       1%          2
 Poisonous Vapours        Pois/Air       66%        N/A       1%          2
 Static Discharge         Conj/Air       83%        N/A       1%          2
 Wereblood                Tmut           33%        N/A       1%          2
 Dazzling Flash           Conj/Hex       100%       N/A       1%          3
 Inner Flame              Hex/Fire       85%        N/A       1%          3
 Mephitic Cloud           Conj/Pois/Air  70%        N/A       1%          3
 Vampiric Draining        Necr           40%        2d11      1%          3
 Animate Armour           Summ/Erth      100%       N/A       1%          4
 Dispel Undead            Necr           80%        3d26      1%          4
 Fulminant Prism          Conj/Hex       41%        3d20      1%          4
 Hailstorm                Conj/Ice       83%        3d17      1%          4
 Iskenderun's Mystic Bla  Conj/Tloc      83%        2d16      1%          4
 Leda's Liquefaction      Hex/Erth       39%        N/A       1%          4
 Petrify                  Tmut/Erth      79%        N/A       1%          4
 Agony                    Necr           80%        N/A       1%          5
 Excruciating Wounds      Necr           40%        N/A       1%          5
 Freezing Cloud           Conj/Ice/Air   35%        6-21      1%          5
 Irradiate                Conj/Tmut      41%        3d27      1%          5
 Lee's Rapid Deconstruct  Erth           50%        3d25*     1%          5
 Lightning Bolt           Conj/Air       41%        1d60      1%          5
 Orb of Destruction       Conj           55%        9d16      1%          7
 Confusing Touch          Hex            33%        N/A       2%          3
 Frozen Ramparts          Ice            66%        1d8       2%          3
 Gell's Gravitas          Tloc           16%        N/A       2%          3
 Lesser Beckoning         Tloc           16%        N/A       2%          3
 Portal Projectile        Hex/Tloc       66%        N/A       2%          3
 Summon Guardian Golem    Hex/Summ       33%        N/A       2%          3
 Swiftness                Air            33%        N/A       2%          3
 Teleport Other           Tloc           33%        N/A       2%          3
 Tukima's Dance           Hex            33%        N/A       2%          3
 Conjure Ball Lightning   Conj/Air       41%        3x3d13    2%          6
 Airstrike                Air            16%        N/A       10%         4
 Olgreb's Toxic Radiance  Pois           33%        N/A       10%         4
 Passage of Golubria      Tloc           N/A        N/A       10%         4
 Summon Lightning Spire   Summ/Air       33%        N/A       10%         4
 Spellforged Servitor     Conj/Summ      41%        N/A       14%         7
 Lehudib's Crystal Spear  Conj/Erth      60%        10d14     17%         8
 Statue Form              Tmut/Erth      52%        N/A       22%         6
 Alistair's Intoxication  Tmut/Pois      22%        N/A       26%         5
 Blade Hands              Tmut           16%        N/A       26%         5
 Manifold Assault         Tloc           33%        N/A       26%         5
 Silence                  Hex/Air        16%        N/A       26%         5
 Yara's Violent Unravell  Hex/Tmut       16%        3d8       26%         5
 Dispersal                Tloc           16%        N/A       82%         6
 Invisibility             Hex            16%        N/A       82%         6
 Borgnjor's Revivificati  Necr           40%        N/A       83%         8
 Malign Gateway           Summ/Tloc      16%        N/A       100%        7
 Ozocubu's Refrigeration  Ice            16%        4d8       100%        7
 Summon Hydra             Summ           16%        N/A       100%        7
 Discord                  Hex            16%        N/A       100%        8
 Disjunction              Tloc           16%        N/A       100%        8
 Maxwell's Capacitive Co  Air            16%        ∞         100%        8
 Summon Horrible Things   Summ           16%        N/A       100%        8
 Death's Door             Necr           40%        N/A       100%        9
 Shatter                  Erth           50%        3d38*     100%        9


Dungeon Overview and Level Annotations

Branches:
Dungeon (15/15)            Temple (1/1) D:6            Lair (6/6) D:10
  Swamp (4/4) Lair:2       Spider (4/4) Lair:4        Slime (5/5) Lair:5
    Orc (2/2) D:9             Elf (3/3) Orc:2        Vaults (4/5) D:14
  Crypt (3/3) Vaults:3       Tomb (0/3) Crypt:3      Depths (5/5) D:15
    Zot (0/5) Depths:5      IceCv (visited)         Volcano (visited)

Shops:
D:9 ?   D:12 !   D:15 !   Orc:2 [([!   Elf:2 ?   Vaults:2 [   Vaults:4 **[
Depths:3 ::=   Depths:5 *!?

Portals:
Hell: Depths:1 Depths:2 Depths:3 Depths:4 Depths:5
Abyss: Depths:1 Depths:2 Depths:4
Pandemonium: Depths:1 Depths:3
Ziggurat: Depths:5

Annotations:
Swamp:3 Mara
Swamp:4 exclusion: 2 upstairs
Slime:5 Royal Jelly
Elf:2 3 runed translucent doors
Depths:5 exclusions: 2 eyes of devastation, shining eye and 2 more exclusions


Innate Abilities, Weirdness & Mutations

Your attributes grow dramatically as you level up.
You have an increased reservoir of magic. (+10% MP)
You shall have no god before yourself.


Message History

t - Shout!
Orders for allies: a - Attack new target. r - Retreat! s - Stop attacking. g - Guard the area. f - Follow me.
Anything else - Cancel.
Okay, then.
You cannot cast spells while unable to breathe!
Unknown command.
Unknown command.
You cannot read scrolls while unable to breathe!
Unknown command.
You feel much better.
* * * LOW HITPOINT WARNING * * *
Your lungs strain for air!
A large slime creature splits.
The quicksilver ooze hits you!
* * * LOW HITPOINT WARNING * * *
The quicksilver ooze hits you but does no damage.
You block the slime creature's attack.
Okay, then.
Okay, then.
Okay, then.
Okay, then.
You cannot read scrolls while unable to breathe!
Unknown command.
Unknown command.
You feel much better.
* * * LOW HITPOINT WARNING * * *
Your lungs strain for air!
The quicksilver ooze hits you!
* * * LOW HITPOINT WARNING * * *
A hell rat scurries out from under your cloak.
The quicksilver ooze hits you.
* * * LOW HITPOINT WARNING * * *
You feel your power leaking away.
The slime creature hits you but does no damage.
A slime creature comes into view.
The slime creature hits you!
* * * LOW HITPOINT WARNING * * *
The quicksilver ooze hits you!
You die...

.......### *..###
.........###..#.###
..................#
..........^.......##
...................##
....................##
................J....#
...............JJ...##
...............J@.<..#***
...............J.r......***
........................,,***
........................,,,,**
........................,,,,,****
........................,,,,**,,*
........................,,,*,,,,*
.#####.####............J,,,,,,*,*
##,**..#*,##.........,,,,,,,,,,**


You could see 5 slime creatures, a quicksilver ooze and a friendly hell rat
(wandering).

Vanquished Creatures
  A juggernaut (Depths:2)
  Bai Suzhen (Swamp:4)
  Saint Roka (Crypt:2)
  Nikola (Spider:1)
  A profane servitor (Crypt:3)
  3 golden dragons
  2 bone dragons
  Jory (Vaults:4)
  A shard shrike zombie (Crypt:1)
  Rupert (Lair:6)
  4 tentacled monstrosities
  A titan (Depths:2)
  5 liches
  2 deep elf master archers (Elf:3)
  2 deep elf blademasters (Elf:3)
  10 acid blobs
  A tentacled starspawn (Abyss:2)
  Frances (D:13)
  10 ancient champions
  Kirke (Spider:4)
  3 sphinxes
  2 tengu reavers
  Agnes (Elf:1)
  A thorn hunter (Swamp:4)
  3 shadow dragons
  A draconian monk (Depths:5)
  A rockslime (Slime:4)
  7 fire giants
  The ghost of Dunulur the Severer, a journeyman MiFi of Okawaru (D:13)
  The ghost of othur the Blocker, a journeyman TrMo of Qazlal (Spider:1)
  A fenstrider witch (Swamp:4)
  2 revenants
  5 azure jellies
  6 frost giants
  10 vault wardens
  3 deep elf sorcerers (Elf:3)
  Aizul (Spider:4)
  2 orc warlords
  An iron dragon (Depths:2)
  3 curse skulls (Crypt:1)
  3 deep elf elementalists (Elf:3)
  7 ghouls
  Louise (Swamp:3)
  A juggernaut zombie (Crypt:1)
  A draconian annihilator (Depths:5)
  3 ghost moths
  A draconian stormcaller (Depths:5)
  6 emperor scorpions
  15 ironbound preservers
  4 spriggan defenders
  12 stone giants
  2 reapers (Crypt:2)
  3 war gargoyles
  20 very ugly things
  5 quicksilver oozes
  9 deep elf demonologists
  The ghost of Sigibet the Geomancer, a journeyman GrEE of Vehumet (Lair:6)
  10 vampire knights
  5 entropy weavers
  3 purple draconians (Depths:5)
  Azrael (Spider:2)
  A lorocyproca (Abyss:2)
  A bunyip (shapeshifter) (D:14)
  9 deep elf annihilators
  A red draconian (Depths:5)
  4 bunyips
  2 dire elephants
  4 spark wasps
  2 green deaths (Swamp:4)
  11 deep elf death magi
  2 crystal guardians (Vaults:3)
  2 eleionomae (Swamp:4)
  Snorg (D:13)
  A mummy priest (Crypt:3)
  8 ettins
  A merfolk impaler (Depths:2)
  6 jiangshi
  7 yaktaur captains
  A quicksilver dragon zombie (Crypt:1)
  2 deep elf high priests
  15 great orbs of eyes
  11 vault guards
  Harold (D:7)
  7 ironbound thunderhulks
  7 fire dragons
  19 hydras
  A hell beast (Depths:3)
  8 rakshasas
  12 ice dragons
  10 boulder beetles
  2 salamander tyrants (Depths:5)
  4 peacekeepers
  3 spriggan air magi
  10 ironbound frosthearts
  An ogre mage (D:15)
  2 ghost crabs
  6 two-headed ogres
  12 centaur warriors
  2 death knights
  16 dancing weapons
  Erica (D:9)
  13 death yaks
  2 tengu warriors
  2 deep troll shamans
  11 alligators
  Urug (Lair:3)
  6 deep troll earth magi
  An orc high priest (Orc:2)
  13 spriggan berserkers
  A titan zombie (Crypt:3)
  4 vampire magi
  3 soul eaters
  13 spriggans
  A thrashing horror (Swamp:4)
  6 hell knights
  A titan skeleton (Crypt:3)
  3 ironbound beastmasters
  21 skeletal warriors
  Nergalle (D:12)
  16 deep elf knights
  A sixfirhy (Depths:3)
  4 salamander mystics
  An iron troll (Depths:4)
  A ghost moth zombie (Crypt:1)
  5 goliath frogs
  8 bog bodies
  2 shadow wraiths
  A golden dragon zombie (Crypt:3)
  7 swamp dragons
  A deep troll (shapeshifter) (D:14)
  2 glowing orange brains
  39 deep trolls
  17 wizards
  4 flayed ghosts
  4 spriggan druids
  10 deep elf archers
  An anaconda skeleton (Crypt:1)
  9 phantasmal warriors
  13 ironbound convokers
  22 deep elf pyromancers
  4 orc knights
  6 harpies
  4 lindwurms
  5 necromancers
  A lindwurm (shapeshifter) (Depths:4)
  24 wolf spiders
  17 orb spiders
  4 shining eyes
  5 orc sorcerers
  16 deep elf zephyrmancers
  A shadow dragon skeleton (Crypt:1)
  2 will-o-the-wisps
  3 manticores
  A frost giant zombie (Crypt:3)
  71 ugly things
  6 cyclopes
  7 moths of wrath
  17 salamanders
  8 elephants
  2 centaur zombies (D:11)
  A dire elephant zombie (Crypt:3)
  3 ice statues (IceCv)
  An iron dragon skeleton (Crypt:1)
  An elephant slug zombie (Crypt:2)
  4 black mambas
  2 smoke demons (Depths:5)
  2 rust devils (Depths:3)
  Maurice (D:11)
  An eye of devastation (Slime:2)
  3 torpor snails
  An alligator snapping turtle zombie (Crypt:1)
  9 cane toads
  13 vault sentinels
  4 gargoyles
  3 rime drakes
  A white draconian zombie (Crypt:3)
  A hellion (Depths:5)
  3 orange demons
  32 yaktaurs
  3 kobold demonologists
  9 komodo dragons
  A redback zombie (Crypt:2)
  6 unseen horrors
  Psyche (D:9)
  A yellow draconian zombie (Crypt:1)
  8 demonic crawlers
  3 hellwings
  2 freezing wraiths
  4 red devils
  A death drake zombie (Crypt:1)
  A tengu conjurer (Depths:3)
  A polar bear (Lair:5)
  9 trolls
  2 hydra zombies
  3 tyrant leeches
  An iron troll skeleton (Crypt:1)
  10 guardian mummies
  34 jumping spiders
  A wind drake (shapeshifter) (D:14)
  A harpy skeleton (Crypt:3)
  20 hornets
  24 blink frogs
  5 large abominations
  Grinder (D:6)
  An ettin zombie (Crypt:1)
  7 dream sheep (Lair:6)
  132 slime creatures
  2 fire dragon zombies
  Prince Ribbit (D:6)
  6 flying skulls
  An alligator skeleton (Crypt:1)
  An ettin skeleton (Crypt:1)
  A fire dragon skeleton (Crypt:3)
  3 shadows
  62 redbacks
  A fire giant simulacrum (Crypt:3)
  5 vampires
  2 dire elephant simulacra (IceCv)
  33 tarantellas
  3 ynoxinuls (Abyss:2)
  9 wraiths
  2 air elementals (Elf:2)
  A black mamba skeleton (Crypt:3)
  An ice dragon skeleton (Crypt:1)
  50 yaks
  11 water elementals
  4 basilisks
  4 fire bats (D:12)
  7 starcursed masses (Abyss:2)
  10 fire elementals
  Eustachio (D:5)
  9 golden eyes
  5 steam dragons
  6 hogs (Spider:4)
  A human (D:9)
  Grum (D:11)
  5 chaos spawn (Depths:1)
  28 vampire mosquitoes
  A wind drake skeleton (Crypt:3)
  4 death yak simulacra
  7 swamp worms
  2 wargs
  A torturous demonspawn zombie (Crypt:1)
  Menkaure (D:7)
  21 water moccasins
  3 acid dragons
  3 two-headed ogre skeletons
  2 floating eyes
  28 orc warriors
  7 hell hounds
  A hydra simulacrum (Crypt:1)
  A floating eye (shapeshifter) (Vaults:3)
  An ice beast (D:5)
  Duvessa (D:4)
  4 swamp drakes
  10 ogres
  A sky beast (D:8)
  6 black bears
  8 small abominations
  15 wolves
  A boggart (Vaults:2)
  5 necrophages
  A manticore skeleton (Crypt:3)
  7 centaurs
  An elephant skeleton (Crypt:2)
  4 kobold brigands
  A salamander zombie (Crypt:2)
  A yaktaur skeleton (Crypt:2)
  4 earth elementals
  2 gnoll sergeants
  2 scorpions
  9 bullfrogs
  A scorpion (shapeshifter) (Vaults:4)
  4 wyvern skeletons
  2 cane toad simulacra
  Dowan (D:4)
  A yak zombie (Crypt:3)
  A water moccasin skeleton (D:4)
  10 killer bees
  2 elephant simulacra
  2 vampire bats (Lair:1)
  9 wights
  11 electric eels
  5 howler monkeys
  A raiju skeleton (Crypt:1)
  A bullfrog zombie (D:5)
  3 human zombies (Crypt:1)
  2 lava snakes (D:12)
  3 hounds
  22 orc priests
  5 jellies
  A centaur skeleton (Crypt:3)
  A basilisk zombie (Crypt:2)
  2 human skeletons (Crypt:1)
  11 iguanas
  44 orc wizards
  A polar bear simulacrum (Lair:5)
  An acid dragon zombie (Crypt:2)
  A wolf simulacrum (IceCv)
  2 hound zombies (D:5)
  A hound skeleton (D:4)
  4 mummies (Crypt:1)
  11 gnolls
  A howler monkey skeleton (D:7)
  5 adders
  2 shadow imps
  2 white imps
  An ufetubus (Abyss:2)
  An adder skeleton (D:4)
  A halfling skeleton (Crypt:3)
  4 worms
  A dart slug (D:3)
  73 orcs
  5 ball pythons
  11 bats
  6 endoplasms
  4 giant cockroaches
  3 goblins
  8 hobgoblins
  5 jackals
  2 quokkas (D:2)
  5 frilled lizards
  A jackal skeleton (Crypt:3)
  20 kobolds
  An orc zombie (Crypt:1)
  8 rats
  2 fire vortices (D:12)
  A starspawn tentacle (Abyss:2)
2068 creatures vanquished.

Vanquished Creatures (collateral kills)
  A wolf spider (Spider:1)
  A tarantella (Spider:1)
  A swamp worm (Swamp:4)
  A centaur (D:13)
  An iguana (Lair:6)
  12 foxfires (D:5)
17 creatures vanquished.

Vanquished Creatures (others)
  An orc wizard (Orc:1)
  A bush (D:5)
  515 foxfires
  44 fungi
  113 plants
  A starspawn tentacle (Abyss:2)
675 creatures vanquished.

Grand Total: 2760 creatures vanquished

Notes
Turn   | Place    | Note
-------+----------+-------------------------------------------
     0 | D:1      | Turgor the Demigod Fire Elementalist began the quest for
                  | the Orb.
     0 | D:1      | Reached XP level 1. HP: 14/14 MP: 5/5
    29 | D:1      | Reached skill level 1 in Conjurations
   241 | D:1      | Learned a level 1 spell: Magic Dart
   392 | D:1      | Reached XP level 2. HP: 20/20 MP: 4/7
   779 | D:1      | Reached skill level 3 in Fire Magic
  1111 | D:2      | Reached XP level 3. HP: 26/26 MP: 2/9
  1756 | D:2      | Reached XP level 4. HP: 33/33 MP: 8/10
  1760 | D:2      | Learned a level 3 spell: Conjure Flame
  3098 | D:4      | Reached XP level 5. HP: 38/38 MP: 4/12
  3178 | D:4      | Reached skill level 4 in Fire Magic
  3228 | D:4      | Learned a level 4 spell: Sticky Flame
  3853 | D:4      | Identified the +9 spear "Vottusea" {drain, *Corrode +Blink
                  | Str+6}
  3866 | D:4      | Noticed Duvessa
  3953 | D:5      | Entered Level 5 of the Dungeon
  4020 | D:5      | Noticed a necrophage
  4026 | D:5      | Killed a necrophage
  4027 | D:5      | Reached XP level 6. HP: 45/45 MP: 10/14
  4149 | D:5      | Noticed Eustachio
  4592 | D:5      | Reached XP level 7. HP: 47/50 MP: 12/16
  4598 | D:5      | Learned a level 5 spell: Fireball
  4693 | D:4      | Noticed Dowan
  4702 | D:4      | Killed Dowan
  4703 | D:4      | Reached skill level 5 in Fire Magic
  4888 | D:5      | Killed Eustachio
  5278 | D:6      | Reached skill level 5 in Conjurations
  5355 | D:6      | Reached skill level 5 in Spellcasting
  5355 | D:6      | Reached XP level 8. HP: 57/57 MP: 14/19
  5412 | D:6      | Found a staircase to the Ecumenical Temple.
  5420 | D:6      | Noticed Prince Ribbit
  5429 | D:6      | Killed Prince Ribbit
  5430 | D:6      | Reached skill level 6 in Fire Magic
  5437 | Temple   | Entered the Ecumenical Temple
  5678 | D:6      | Noticed Grinder
  6347 | D:6      | Reached skill level 7 in Fire Magic
  6962 | D:4      | Reached XP level 9. HP: 59/62 MP: 14/22
  6996 | D:4      | Killed Duvessa
  7227 | D:6      | Killed Grinder
  7641 | D:7      | You fall into a shaft and drop 2 floors!
  7924 | D:7      | Noticed Menkaure
  7925 | D:7      | Killed Menkaure
  8060 | D:7      | Reached skill level 8 in Fire Magic
  8590 | D:7      | Noticed Harold
  8601 | D:7      | Killed Harold
  8602 | D:7      | Reached skill level 1 in Polearms
  8632 | D:7      | Identified the +2 robe of Divofeh {Str+2}
  8941 | D:8      | Reached XP level 10. HP: 69/69 MP: 19/25
  9531 | D:8      | Learned a level 6 spell: Starburst
 10192 | D:9      | Found Jibrar's Magic Scroll Boutique.
 10200 | D:9      | Bought 3 scrolls of identify for 96 gold pieces
 10200 | D:9      | Bought a scroll of teleportation for 48 gold pieces
 10200 | D:9      | Bought a scroll of enchant weapon for 120 gold pieces
 10200 | D:9      | Bought a scroll of teleportation for 48 gold pieces
 10200 | D:9      | Bought a scroll of noise for 16 gold pieces
 10296 | D:9      | Noticed a two-headed ogre
 10319 | D:9      | Reached skill level 9 in Fire Magic
 10601 | D:9      | Noticed Erica
 10829 | D:9      | Found a staircase to the Orcish Mines.
 10852 | D:9      | Noticed Psyche
 10855 | D:9      | Killed Psyche
 11328 | D:9      | Killed a two-headed ogre
 11918 | D:9      | Killed Erica
 11919 | D:9      | Reached XP level 11. HP: 74/74 MP: 6/27
 12234 | D:10     | Entered Level 10 of the Dungeon
 12300 | D:10     | Noticed a two-headed ogre
 12307 | D:10     | Reached skill level 10 in Fire Magic
 12309 | D:10     | Killed a two-headed ogre
 12528 | D:10     | Found a staircase to the Lair.
 13121 | D:10     | Noticed a two-headed ogre
 13145 | D:10     | Killed a two-headed ogre
 13146 | D:10     | Reached skill level 1 in Fighting
 13146 | D:10     | Reached skill level 10 in Conjurations
 13620 | Lair:1   | Entered Level 1 of the Lair of Beasts
 13858 | Lair:1   | Noticed a five-headed hydra
 13869 | Lair:1   | Killed a five-headed hydra
 14225 | Lair:1   | Noticed an eight-headed hydra
 14251 | Lair:1   | Killed an eight-headed hydra
 14438 | Lair:1   | Reached skill level 5 in Polearms
 15236 | Lair:1   | Reached skill level 11 in Fire Magic
 15804 | Lair:2   | Noticed a four-headed hydra
 15807 | Lair:2   | Killed a four-headed hydra
 15808 | Lair:2   | Reached XP level 12. HP: 89/89 MP: 13/29
 16135 | Lair:2   | Found a staircase to the Swamp.
 16181 | Lair:2   | Got the Disquisition on Enthralling Fire
 17042 | Lair:3   | Noticed Urug
 17676 | Lair:3   | Killed Urug
 18899 | Lair:4   | Found a hole to the Spider Nest.
 19528 | Lair:5   | Noticed a six-headed hydra
 19751 | Lair:5   | Killed a six-headed hydra
 19910 | Lair:5   | Found a frozen archway.
 19924 | IceCv    | Entered an ice cave
 20105 | IceCv    | Reached skill level 12 in Fire Magic
 20325 | IceCv    | Reached XP level 13. HP: 99/99 MP: 20/31
 20618 | IceCv    | Learned a level 2 spell: Sublimation of Blood
 21095 | Lair:5   | Found a staircase to the Slime Pits.
 21432 | Lair:5   | Reached skill level 5 in Fighting
 21888 | Lair:6   | Entered Level 6 of the Lair of Beasts
 21950 | Lair:6   | Found a dark tunnel.
 21954 | Volcano  | Entered a volcano
 21977 | Volcano  | Learned a level 2 spell: Searing Ray
 21979 | Volcano  | Learned a level 1 spell: Animate Skeleton
 21981 | Volcano  | Learned a level 1 spell: Shock
 24170 | Lair:6   | Reached skill level 10 in Spellcasting
 24783 | Lair:6   | Reached skill level 13 in Fire Magic
 24804 | Lair:6   | Reached XP level 14. HP: 47/110 MP: 5/32
 25076 | Lair:6   | Found a large runed translucent door.
 25076 | Lair:6   | Found a large runed translucent door.
 25082 | Lair:6   | Noticed Sigibet's ghost (journeyman GrEE)
 25767 | Lair:6   | Noticed Rupert
 25811 | Lair:6   | Killed Rupert
 26967 | D:11     | Noticed Maurice
 27045 | D:11     | Killed Maurice
 27155 | D:11     | Reached skill level 1 in Armour
 28071 | D:11     | Noticed Grum
 28074 | D:11     | Killed Grum
 28494 | D:12     | Noticed Nergalle
 28499 | D:12     | Killed Nergalle
 29284 | D:12     | Found Heniqi's Distillery.
 29292 | D:12     | Bought a potion of resistance for 160 gold pieces
 29292 | D:12     | Bought a potion of magic for 128 gold pieces
 30424 | Orc:1    | Entered Level 1 of the Orcish Mines
 30653 | Orc:2    | Entered Level 2 of the Orcish Mines
 31625 | Orc:2    | Found a staircase to the Elven Halls.
 33454 | Orc:2    | Found Xeck's Distillery.
 33454 | Orc:2    | Found Tuazel's Antique Weapon Emporium.
 33455 | Orc:2    | Found Ydudy's Antique Armour Emporium.
 33461 | Orc:2    | Found Unkibeji's Antique Armour Shoppe.
 33596 | Orc:2    | Bought a twisted chain mail for 228 gold pieces
 33596 | Orc:2    | Identified the +0 chain mail "Foreuh" {Contam +Inv rC+}
                  | (You bought it in a shop on level 2 of the Orcish Mines)
 33596 | Orc:2    | Bought the +2 ratskin cloak {*Rats rPois rN+ Str-1 Int-1
                  | Dex+1} for 667 gold pieces
 33596 | Orc:2    | Found the +2 ratskin cloak {*Rats rPois rN+ Str-1 Int-1
                  | Dex+1}
 33609 | Orc:2    | Bought a potion of heal wounds for 75 gold pieces
 33609 | Orc:2    | Bought a potion of magic for 120 gold pieces
 33609 | Orc:2    | Bought a potion of magic for 120 gold pieces
 33992 | D:13     | Noticed Snorg
 34059 | D:13     | Reached skill level 14 in Fire Magic
 34489 | D:13     | Killed Snorg
 34792 | D:13     | Reached XP level 15. HP: 114/118 MP: 30/34
 34951 | D:13     | Found a runed translucent door.
 34951 | D:13     | Noticed Dunulur's ghost (journeyman MiFi)
 34989 | D:13     | Learned a level 8 spell: Ignition
 35329 | D:13     | Noticed Frances
 35336 | D:13     | Killed Frances
 36556 | D:14     | Found a gate to the Vaults.
 36765 | D:14     | Identified the +7 scythe "Godezo" {vamp, Contam Str+7
                  | Stlth+}
 38144 | D:14     | Reached skill level 5 in Armour
 38398 | D:15     | Entered Level 15 of the Dungeon
 38546 | D:15     | Identified a scroll of acquirement
 38566 | D:15     | Acquired the Disquisition on the Rocks
 39427 | D:15     | Found a staircase to the Depths.
 39497 | D:15     | Reached skill level 15 in Fire Magic
 39794 | D:15     | Found Meumema's Distillery.
 39810 | D:15     | Bought a potion of haste for 100 gold pieces
 39810 | D:15     | Bought a potion of haste for 100 gold pieces
 39810 | D:15     | Bought a potion of heal wounds for 50 gold pieces
 39810 | D:15     | Bought 2 potions of haste for 200 gold pieces
 39810 | D:15     | Bought a potion of magic for 80 gold pieces
 40213 | Swamp:1  | Entered Level 1 of the Swamp
 41464 | Swamp:2  | Reached XP level 16. HP: 80/132 MP: 29/36
 42320 | Swamp:2  | Identified the +0 trident of Resourcefulness {holy, rPois
                  | Str+5}
 43112 | Swamp:3  | Noticed Mara
 43117 | Swamp:4  | Entered Level 4 of the Swamp
 43929 | Swamp:4  | Noticed Bai Suzhen
 44123 | Swamp:3  | Noticed Louise
 44142 | Swamp:3  | Killed Louise
 44708 | Swamp:4  | Reached skill level 1 in Evocations
 44874 | Swamp:4  | Killed Bai Suzhen
 45030 | Swamp:4  | Noticed a tentacled monstrosity
 45045 | Swamp:4  | Killed a tentacled monstrosity
 45046 | Swamp:4  | Reached skill level 16 in Fire Magic
 46134 | Swamp:4  | Got a decaying rune of Zot
 46320 | Lair:2   | Learned a level 5 spell: Bolt of Magma
 46369 | Spider:1 | Entered Level 1 of the Spider Nest
 46839 | Spider:1 | Found a transporter.
 46854 | Spider:1 | Noticed othur's ghost (journeyman TrMo)
 46862 | Spider:1 | You fall into a shaft and drop 1 floor!
 47149 | Spider:1 | Reached XP level 17. HP: 102/139 MP: 30/38
 47200 | Spider:1 | Reached skill level 10 in Fighting
 47332 | Spider:1 | Noticed Nikola
 47366 | Spider:1 | Killed Nikola
 47367 | Spider:1 | Reached skill level 1 in Earth Magic
 48052 | Spider:1 | Found a transporter.
 49174 | Spider:2 | Noticed Azrael
 49277 | Spider:2 | Killed Azrael
 50016 | Spider:2 | You fall into a shaft and drop 1 floor!
 52252 | Spider:4 | Entered Level 4 of the Spider Nest
 52387 | Spider:4 | Noticed Aizul
 52396 | Spider:4 | Killed Aizul
 52397 | Spider:4 | Reached skill level 15 in Conjurations
 52444 | Spider:4 | Learned a level 6 spell: Iron Shot
 53415 | Spider:4 | Noticed Kirke
 53884 | Spider:4 | Killed Kirke
 54983 | D:15     | Bought 2 potions of invisibility for 160 gold pieces
 54983 | D:15     | Bought a potion of resistance for 100 gold pieces
 55055 | D:12     | Bought a potion of invisibility for 128 gold pieces
 55055 | D:12     | Bought a potion of heal wounds for 80 gold pieces
 55055 | D:12     | Bought a potion of cancellation for 128 gold pieces
 55055 | D:12     | Bought a potion of invisibility for 128 gold pieces
 55490 | Spider:4 | Got a gossamer rune of Zot
 55742 | Lair:6   | Killed Sigibet's ghost
 55918 | Spider:1 | Killed othur's ghost
 55922 | Spider:1 | Reached XP level 18. HP: 112/149 MP: 16/40
 55941 | Spider:1 | Identified the amulet "Tuppos" {Faith *Corrode +Blink
                  | Stlth+}
 56136 | Elf:1    | Entered Level 1 of the Elven Halls
 56917 | Elf:1    | Reached skill level 5 in Earth Magic
 57310 | Elf:1    | Got Keijeuso's Almanac of Attacks
 57579 | Elf:1    | Noticed Agnes
 57583 | Elf:1    | Killed Agnes
 57858 | Elf:2    | Reached skill level 10 in Polearms
 58188 | Elf:2    | Reached skill level 17 in Fire Magic
 58212 | Elf:2    | Reached skill level 5 in Evocations
 58669 | Elf:2    | Found a runed translucent gate.
 58670 | Elf:2    | Found a runed translucent gate.
 58670 | Elf:2    | Found a runed translucent gate.
 58689 | Elf:2    | Found Kasyr's Magic Scroll Shop.
 59178 | Elf:3    | Entered Level 3 of the Elven Halls
 59704 | Elf:3    | Identified the -6 pair of boots of Intuition {rElec rF+
                  | rC++ Regen+}
 60321 | Elf:3    | Cast into level 2 of the Abyss (a deep elf demonologist)
 60381 | Abyss:2  | Noticed a bone dragon
 60410 | Abyss:2  | Killed a bone dragon
 60492 | Abyss:2  | Noticed a bone dragon
 60923 | Abyss:2  | Identified the +0 ring mail of Courage {rElec rN+ Stlth-}
 60926 | Elf:3    | Escaped the Abyss
 60928 | Elf:3    | Noticed a Brimstone Fiend
 61505 | Elf:3    | Identified the amulet "Fuko Zoa" {Reflect rC++ SH+5}
 62025 | Elf:3    | Reached XP level 19. HP: 137/158 MP: 25/42
 62205 | Elf:3    | Identified the +4 flail "Musen" {vorpal, MP+9 SInv}
 62419 | Elf:3    | Reached skill level 1 in Necromancy
 62502 | Elf:3    | Identified the +1 spear "Akkourch" {speed, *Rage Int+5}
 62753 | Elf:3    | Identified the +4 rapier "Tutza" {vorpal, Int+2}
 62886 | Elf:3    | Identified the +9 hunting sling of Ydum {venom, rCorr Str-3
                  | SInv}
 62888 | Elf:3    | Got the Almanac of Enthralling Intoxication
 63080 | Elf:3    | Identified the +1 short sword of Defiance {vorpal, rF+ rN+
                  | MP+9}
 63142 | Elf:2    | Bought a scroll of acquirement for 884 gold pieces
 63142 | Elf:2    | Acquired a staff of fire
 63323 | Vaults:1 | Entered Level 1 of the Vaults
 63325 | Vaults:1 | Identified the +6 arbalest of the Shore {flame, *Slow rF++}
 64588 | Vaults:1 | Got the Almanac of the Birds and the Rocks
 64595 | Vaults:1 | Learned a level 5 spell: Borgnjor's Vile Clutch
 66867 | Vaults:2 | Found Soeth's Armour Boutique.
 67136 | Vaults:2 | Reached skill level 18 in Fire Magic
 69329 | Vaults:2 | Reached skill level 5 in Necromancy
 70852 | Vaults:3 | Reached XP level 20. HP: 167/167 MP: 32/44
 72577 | Vaults:3 | Found a staircase to the Crypt.
 73471 | Vaults:4 | Identified the +5 robe "Nuelamn" {rF+ rCorr Str-2 Int+2}
 74493 | Vaults:4 | Found Gozag's Assorted Antiques.
 74641 | Vaults:4 | Found Gozag's Assorted Antiques.
 75311 | Vaults:4 | Noticed Jory
 76583 | Vaults:4 | Killed Jory
 76904 | Vaults:4 | Found Gozag's Antique Armour Shop.
 76930 | Vaults:4 | Reached skill level 15 in Spellcasting
 77197 | Vaults:4 | Found a portal to a secret trove of treasure.
 77498 | D:15     | Bought a potion of curing for 30 gold pieces
 77498 | D:15     | Bought a potion of curing for 30 gold pieces
 77498 | D:15     | Bought a potion of curing for 30 gold pieces
 77570 | D:12     | Bought a potion of curing for 48 gold pieces
 77570 | D:12     | Bought a potion of curing for 48 gold pieces
 77570 | D:12     | Bought 2 potions of curing for 96 gold pieces
 77683 | Orc:2    | Bought a potion of curing for 45 gold pieces
 77683 | Orc:2    | Bought a potion of curing for 45 gold pieces
 77683 | Orc:2    | Bought a potion of curing for 45 gold pieces
 78000 | Vaults:4 | You paid a toll of 18 potions of curing to enter a treasure
                  | trove
 78001 | Trove    | Entered a treasure trove
 78021 | Trove    | Got Sif Muna's Disquisition on Conjuration
 78045 | Trove    | Got Sif Muna's Guide on Dusty Air
 78082 | Vaults:4 | Acquired the amulet "Hejupt" {Acrobat rN+}
 78304 | Depths:1 | Entered Level 1 of the Depths
 78662 | Depths:1 | Found a one-way gate leading to the halls of Pandemonium.
 78705 | Depths:1 | Found a gateway to Hell.
 78778 | Depths:1 | Identified the +5 plate armour of Repulsion {SInv}
 79813 | Depths:1 | Found a one-way gate to the infinite horrors of the Abyss.
 80123 | Depths:2 | Noticed a juggernaut
 80130 | Depths:2 | Killed a juggernaut
 80131 | Depths:2 | Reached XP level 21. HP: 173/176 MP: 16/46
 80680 | Depths:2 | Identified the +1 leather armour "Umemicaf" {rC+ rCorr
                  | Dex+3 Stlth+}
 82936 | Depths:3 | Reached skill level 19 in Fire Magic
 83066 | Depths:3 | You fall into a shaft and drop 2 floors!
 83066 | Depths:5 | Entered Level 5 of the Depths
 83087 | Depths:5 | Paralysed by a great orb of eyes for 3 turns
 83266 | Depths:5 | Found a gateway to a ziggurat.
 83469 | Depths:5 | Noticed a golden dragon
 83474 | Depths:5 | Killed a golden dragon
 83931 | Depths:5 | Found Mealoigg's General Store.
 83931 | Depths:5 | Found Eggogry's Distillery.
 83934 | Depths:5 | Found Bybrany's Magic Scroll Boutique.
 83961 | Depths:5 | Bought a potion of invisibility for 152 gold pieces
 83961 | Depths:5 | Bought a potion of invisibility for 152 gold pieces
 83963 | Depths:5 | Bought a scroll of blinking for 142 gold pieces
 85694 | Depths:3 | Found Ahodocw's Book Shop.
 85695 | Depths:3 | Found Nuhuiwk's Jewellery Emporium.
 85760 | Depths:3 | Found Coenkykk's Book Shop.
 85765 | Depths:3 | Bought a book of Spatial Translocations for 572 gold pieces
 85768 | Depths:3 | Learned a level 2 spell: Blink
 86459 | Depths:4 | Reached XP level 22. HP: 178/184 MP: 32/48
 88956 | Depths:4 | Acquired the amulet "Veefyg" {Reflect SH+5 SInv}
 89278 | Depths:5 | Acquired a +1 pair of gloves of dexterity
 89829 | Depths:5 | Found a gate to the Realm of Zot.
 90861 | D:13     | Killed Dunulur's ghost
 91765 | Crypt:1  | Entered Level 1 of the Crypt
 94716 | Crypt:2  | Reached skill level 20 in Fire Magic
 95305 | Crypt:2  | Reached XP level 23. HP: 181/192 MP: 30/50
 95385 | Crypt:2  | Noticed Saint Roka
 95438 | Crypt:2  | Killed Saint Roka
 96297 | Crypt:3  | Entered Level 3 of the Crypt
 97131 | Crypt:3  | Identified the +10 dagger "Goblinslayer" {drain, Will+}
 98400 | Crypt:2  | Learned a level 9 spell: Fire Storm
 98611 | Crypt:3  | Identified the +1 chain mail of the Ageless Deaths {Fly rF+
                  | Dex+2}
 98769 | Crypt:3  | Identified the amulet "Wousala" {Reflect Fly Str+8 SH+5
                  | Stlth-}
 99115 | Crypt:3  | Found a staircase to the Tomb.
 99685 | Crypt:3  | Got the Volume of Stolen Souls
 99703 | Crypt:3  | Identified the ring of Hatea {rPois rN+ Str+4}
 99703 | Crypt:3  | Identified the ring of Sif Muna's Esteem {rElec rF++ rC+
                  | rN+ Will-}
 99703 | Crypt:3  | Identified the ring of Zatyi {Fly rN+ Str+4 Stlth+}
100245 | Slime:1  | Entered Level 1 of the Pits of Slime
101307 | Slime:5  | Entered Level 5 of the Pits of Slime
101391 | Slime:5  | Noticed the Royal Jelly
101421 | Slime:5  | HP: 3/196 [slime creature (13)]
101421 | Slime:5  | Mangled by a quicksilver ooze

Illustrated notes

Levels and vault maps discovered:
D:1:      scummos_arrival_simple_fountains, layout_loops_cross,
          ebering_ecumenical_altar_box
D:2:      wad_lake_hut, layout_basic, serial_corexii_hall,
          corexii_hall_statues_x, corexii_hall_statues_u,
          corexii_hall_statues_u, corexii_hall_statues_t
D:3:      layout_loops_cross, grunt_decor_clamped
D:4:      layout_gridville, hangedman_decor_clover_reticule, uniq_duvessa
D:5:      layout_basic, minmay_hedge_maze, uniq_eustachio
D:6:      layout_loops_cross, mainiacjoe_overflow_concentric_impassable,
          minmay_temple_entry_arrows, uniq_grinder, uniq_prince_ribbit1
D:7:      layout_basic, uniq_menkaure, uniq_harold
D:8:      layout_rooms, hangedman_decor_push
D:9:      layout_irregular_city, erik_orc_4, serial_shops, nicolae_shop_trees,
          uniq_erica, uniq_psyche
D:10:     layout_irregular_city, david_lair_generic
D:11:     layout_loops_ring, minmay_alternating_orb, uniq_maurice, uniq_grum
D:12:     layout_loops_ring, serial_shops, nicolae_stop_n_shop_2,
          small_statue_alley_a, hangedman_incinerator, uniq_nergalle
D:13:     layout_gridville, ebering_ghost_inner_flame, st_stairs_13,
          minmay_misc_feat_enclosed, uniq_frances, uniq_snorg
D:14:     layout_rooms, lightli_vaults_fourway_checkpoint, serial_aquarium,
          aquarium_bridge_island_small [aquarium_subvault_small_water,
          aquarium_subvault_wall, aquarium_subvault_bridge,
          aquarium_subvault_wall, aquarium_subvault_bridge],
          aquarium_bridge_square [aquarium_subvault_wall,
          aquarium_subvault_bridge, aquarium_subvault_wall,
          aquarium_subvault_wall], aquarium_window_2, aquarium_window_fake,
          aquarium_window_fake, aquarium_window_fake, aquarium_view_2c,
          aquarium_view_2b
D:15:     hangedman_depths_entry_try_elsewhere_first, layout_basic,
          nicolae_qazlal_style_of_elements, serial_shops, shop
Temple:   compressed_dpeg_triangle_lava_temple
Lair:1:   layout_cave_pods, roderic_batcave, beast_lair_carwin_10,
          infiniplex_staircase_pool, grunt_megastairs_4
Lair:2:   layout_chaotic_city, swamp_mist
Lair:3:   beast_lair_carwin_large_1, layout_long_grid, lemuel_fruit_tree,
          uniq_urug
Lair:4:   layout_gridlike, spider_nest_entry_web_field
Lair:5:   layout_cave_pods, dpeg_slime_entry_enclosed_altar,
          portal_ice_cave_entry_ice_simulacra
Lair:6:   guppyfry_lair_end_dragon, layout_hall_layers, enter_volcano_4,
          ebering_ghost_disaster_area, uniq_rupert
Swamp:1:  layout_basic_swamp, nicolae_swamp_big_swirl, swamp_pool2
Swamp:2:  layout_basic_swamp, nicolae_swamp_godswood
Swamp:3:  layout_basic_swamp, evilmike_swamp_ruin_rubble_2, swamp_pool1,
          nicolae_swamp_small_spring, uniq_mara, uniq_louise
Swamp:4:  swamp_vile, layout_basic_swamp, uniq_bai_suzhen
Spider:1: layout_spider_delve, gammafunk_ghost_berserking_beasts, uniq_nikola
Spider:2: layout_chambers, uniq_azrael
Spider:3: layout_spider_delve, hangedman_spider_tarantella_strand
Spider:4: spider_rune_water, guppyfry_spider_mini_3, uniq_aizul, uniq_kirke
Slime:1:  layout_caves
Slime:2:  layout_caves
Slime:3:  cheibrodos_slime_lost_civilization_10, layout_caves
Slime:4:  layout_caves
Slime:5
Orc:1:    layout_caves, lightli_orcish_oven
Orc:2:    st_orc_mages, layout_diamond_mine, mines1_david
Elf:1:    nicolae_elf_arrival_fired_up, layout_geoelf_grid,
          minmay_elf_annihilation, minivault_4, uniq_agnes
Elf:2:    nicolae_elf_blades_crystal_corner, layout_loops_cross, basic_altar,
          serial_shops, nicolae_diamond_shop
Elf:3:    grunt_elf_hall_diamonds, layout_loops_corners, serial_aquarium,
          aquarium_bridge_long_joined [aquarium_subvault_wall,
          aquarium_subvault_bridge, aquarium_subvault_wall,
          aquarium_subvault_window, aquarium_subvault_window,
          aquarium_subvault_wall], aquarium_window_3, aquarium_window_fake,
          aquarium_view_2c, aquarium_balcony_1a
Vaults:1: hangedman_vaults_nails, vaults_standard_mumra_x,
          vaults_mumra_chevron_long, v_misc_19,
          vaults_room_grunt_arrival_checkpoint, hangedman_vaults_nails,
          serial_ice_h, hangedman_vaults_restitches, nicolae_vaults_asterisk,
          nicolae_vaults_network_barrier, nicolae_vaults_shelves_hall,
          ontoclasm_vaults_ligature, layout_vaults_ring
Vaults:2: v_misc_26, hangedman_vaults_trim, hangedman_vaults_corner_blocks,
          vaults_mumra_minichess, v_misc_10, vaults_mumra_lcd,
          hangedman_vaults_maws, nicolae_vaults_network_star,
          ontoclasm_vaults_twist, ontoclasm_vaults_decontamination,
          nicolae_vaults_little_squares_4, layout_vaults_quadrants,
          serial_shops, shop
Vaults:3: hangedman_vaults_variations, v_rooms_1, nicolae_vaults_circle_grid_a,
          minmay_crypt_entry_necro_gods, vaults_room_stairs_pillars,
          nicolae_vaults_little_squares_1, st_cells,
          nicolae_vaults_little_squares_5, vaults_room_semicircle,
          hangedman_vaults_stretched_pinwheel, layout_vaults_big_room
Vaults:4: nicolae_vaults_network_square, ontoclasm_vaults_ring_small, v_misc_12,
          v_misc_16, nicolae_vaults_bisected_exclaves,
          kennysheep_vaults_gozag_temple, v_pattern_3, grunt_vaults_focal,
          grunt_vaults_funnel, ontoclasm_vaults_fault, serial_ice_b,
          layout_vaults_omnicross, enter_trove_3, uniq_jory
Crypt:1:  layout_basic, roderic_lattice_octagonal_star,
          grunt_crypt_arrival_guarded_gate
Crypt:2:  layout_basic, uniq_saint_roka
Crypt:3:  lightli_unholy_cathedral, layout_chaotic_city,
          tomb_entry_sphere_bobbens
Depths:1: layout_basic, minmay_room_of_horrors, hell_entry,
          grunt_decor_resistance, rand_demon_pan_entry_8, serial_bayou_lake_a
Depths:2: minmay_the_grid_3x3 [minmay_the_grid_paths,
          minmay_the_grid_broken_lines, minmay_the_grid_outer_circle,
          minmay_the_grid_aliased_spiral, minmay_the_grid_eight,
          minmay_the_grid_holed_spiral, minmay_the_grid_tiny_cups,
          minmay_the_grid_box_x, minmay_the_grid_prize_four_corners],
          layout_gridville, hell_entry, abyss_entry, elyvilon_altar_1,
          serial_bayou_shore_a
Depths:3: cheibrodos_lost_city_excavation, layout_basic, hell_entry,
          grunt_pan_entry_spiral, minmay_fountain_box, st_stairs_1,
          minmay_shop_grove
Depths:4: evilmike_lava_path, layout_cave_pools, pf_coc_iceberg, abyss_entry,
          evilmike_spriggan_trog_shrine
Depths:5: grunt_zot_entry_bicorn, layout_cross, enter_ziggurat_c,
          nicolae_gozag_seed_capital, hellmouth_1, serial_sigils_hangedman_gut,
          infiniplex_staircase_pool_lava, minmay_shop_star,
          serial_bayou_shore_b, serial_bayou_shore_b

Skill      XL: |  1  2  3  4  5  6  7  8  9 10 11 12 13 14 15 16 17 18 19 20 21 22 23 |
---------------+----------------------------------------------------------------------+-----
Conjurations   | 1 2 3 4 5 6 7 9 10 11 12 13 14 15 16 17 18 19 | 19.7
Spellcasting   | 2 3 4 5 6 7 8 9 10 11 12 13 14 15 16 17 | 17.5
Fire Magic     | 3 4 5 7 8 9 11 12 13 14 15 16 17 18 19 20 | 20.8
Polearms       | 1 3 5 6 7 8 9 10 11 | 11.3
Fighting       | 3 4 6 7 9 10 11 12 13 14 | 14.3
Armour         | 3 6 7 |  7.0
Dodging        | 2 |  2.0
Stealth        | 2 |  2.0
Evocations     | 2 4 5 6 7 |  7.0
Earth Magic    | 4 5 6 8 9 |  9.0
Necromancy     | 5 6 8 9 |  9.0

Action                   |  1- 3 |  4- 6 |  7- 9 | 10-12 | 13-15 | 16-18 | 19-21 | 22-24 || total
-------------------------+-------+-------+-------+-------+-------+-------+-------+-------++-------
Melee: Dagger            |     8 |     7 |       |       |       |       |       |       ||    15
       Spear             |       |    32 |   112 |   217 |   414 |   461 |    91 |     6 ||  1333
       Staff             |       |       |       |       |       |       |    10 |    34 ||    44
       Short sword       |       |       |       |       |       |       |       |     1 ||     1
Throw: Dart              |       |     1 |     9 |    72 |   106 |    23 |    21 |     2 ||   234
       Stone             |       |       |       |       |     1 |       |       |     3 ||     4
       Throwing net      |       |       |       |       |       |       |       |     1 ||     1
 Cast: Foxfire           |    75 |    95 |    86 |    41 |       |     3 |       |       ||   300
       Sticky Flame      |       |       |    11 |    31 |    83 |    94 |    18 |    15 ||   252
       Fireball          |       |       |    23 |   156 |   275 |   222 |   161 |    57 ||   894
       Conjure Flame     |       |       |     4 |    19 |    55 |     2 |     4 |     2 ||    86
       Starburst         |       |       |       |     8 |   102 |   106 |    36 |    13 ||   265
       Searing Ray       |       |       |       |       |    29 |     3 |       |       ||    32
       Magic Dart        |       |       |       |       |    11 |     4 |       |       ||    15
       Shock             |       |       |       |       |    10 |     2 |     5 |       ||    17
       Animate Skeleton  |       |       |       |       |    14 |     6 |    12 |    11 ||    43
       Sublimation of Bl |       |       |       |       |     2 |    43 |    46 |    10 ||   101
       Bolt of Magma     |       |       |       |       |       |   138 |   371 |   314 ||   823
       Iron Shot         |       |       |       |       |       |    90 |   137 |   101 ||   328
       Ignition          |       |       |       |       |       |       |     8 |    42 ||    50
       Blink             |       |       |       |       |       |       |       |     4 ||     4
 Abil: Evoke Blink       |       |       |       |       |       |       |     3 |       ||     3
Evoke: Wand              |       |       |       |       |    13 |    16 |     3 |     2 ||    34
  Use: Scroll            |     2 |     5 |     1 |     9 |    18 |    12 |    10 |     8 ||    65
       Potion            |       |       |     2 |     1 |     5 |    28 |     9 |     3 ||    48
 Stab: Sleeping          |       |       |     1 |       |       |     2 |     1 |       ||     4
       Distracted        |       |       |       |       |       |     7 |     1 |       ||     8
       Held in net/web   |       |       |       |       |       |     2 |       |       ||     2
       Invisible         |       |       |       |       |       |     1 |       |       ||     1
Armor: Robe              |     2 |     4 |    13 |    31 |    30 |       |    25 |    74 ||   179
       Leather armour    |       |       |       |       |    84 |   300 |    34 |       ||   418
Dodge: Dodged            |    18 |    32 |    59 |   134 |   220 |   471 |   135 |    92 ||  1161
Block: Other             |       |       |       |       |       |       |    23 |    23 ||    46
       Reflection        |       |       |       |       |       |       |    11 |     2 ||    13
